Map: Jagannatha LE

Players

DPGZest (Zest) - Winner!

  • Race: Protoss Protoss
  • Spawn Location: 7:00

PiLiPiLi

  • Race: Protoss Protoss
  • League: Grandmaster
  • Spawn Location: 1:00

VOD

Have the link to the VOD?

Description

Time

  • Played on: Feb. 22, 2021, 8:31 p.m.
  • Length: 9:01
Show
View Real Time Build Order
Export as new Build Order

DPGZest Protoss - Winner!

Build Orders:  

Get SALT Encoding   

  12  0:00  Probe  
  13  0:12  Probe  
  14  0:17  Pylon  
  14  0:24  Probe (Chrono Boost)  
  15  0:36  Probe (Chrono Boost)  
  15  0:37  Gateway  
  16  0:44  Probe (Chrono Boost)  
  16  0:46  Assimilator  
  17  0:51  Probe  
  18  1:03  Probe (Chrono Boost)  
  19  1:04  Assimilator  
  19  1:09  Gateway  
  19  1:13  Probe (Chrono Boost)  
  19  1:18  Probe (Chrono Boost)  
  20  1:25  Cybernetics Core  
  21  1:29  Probe  
  22  1:34  Pylon  
  22  1:42  Probe  
  23  1:54  Probe  
  24  1:59  Warp Gate (Chrono Boost)  
  24  2:01  Stalker x2  
  28  2:14  Pylon  
  28  2:22  Pylon  
  28  2:30  Stalker  
  28  2:32  Stalker  
  32  2:49  Shield Battery  
  32  3:01  Sentry  
  32  3:02  Sentry  
  36  3:06  Probe  
  36  3:10  Nexus  
  37  3:17  Pylon  
  37  3:18  Probe  
  38  3:32  Probe  
  39  3:40  Adept x2  
  41  3:44  Probe  
  42  3:50  Twilight Council  
  42  3:51  Forge  
  42  3:56  Probe  
  43  4:03  Stalker  
  43  4:08  Stalker  
  47  4:15  Probe  
  47  4:31  Stalker  
  46  4:32  Stalker, Probe  
  46  4:33  Blink (Chrono Boost)  
  45  4:40  Probe  
  45  4:45  Probe  
  41  4:56  Stalker  
  41  4:57  Stalker  
  41  4:58  Probe  
  46  5:00  Probe  
  47  5:10  Probe  
  47  5:12  Probe  
  48  5:22  Probe  
  48  5:23  Stalker  
  48  5:24  Stalker  
  48  5:25  Probe, Protoss Ground Weapons Level 1  
  54  5:34  Probe  
  55  5:37  Probe  
  55  5:46  Probe  
  55  5:49  Stalker, Probe  
  57  5:50  Stalker  
  57  5:52  Pylon  
  60  5:59  Probe  
  61  6:06  Nexus  
  61  6:10  Probe  
  61  6:11  Probe  
  63  6:20  Robotics Facility  
  63  6:26  Gateway  
  63  6:27  Gateway  
  63  6:34  Assimilator  
  63  6:35  Photon Cannon  
  63  6:41  Probe x2  
  65  6:53  Probe  
  66  6:54  Probe  
  67  7:05  Gateway x2  
  67  7:07  Pylon  
  67  7:11  Stalker  
  69  7:16  Shield Battery  
  69  7:20  Immortal (Chrono Boost)  
  69  7:21  Stalker x3  
  75  7:41  Stalker  
  77  7:46  Pylon  
  77  7:53  Stalker x3  
  77  7:56  Pylon  
  83  7:59  Stalker x2  
  83  8:01  Probe x3  
  88  8:07  Warp Prism (Chrono Boost)  
  88  8:13  Probe  
  85  8:22  Stalker x3  
  90  8:27  Stalker  
  92  8:36  Stalker  
  92  8:37  Stalker  
  86  9:01  Stalker x5  
Show
View Real Time Build Order
Export as new Build Order

PiLiPiLi Protoss 

Build Orders: Oracle Opening 

Get SALT Encoding   

  12  0:00  Probe  
  13  0:12  Probe  
  14  0:17  Pylon  
  14  0:25  Probe (Chrono Boost)  
  15  0:37  Gateway, Probe (Chrono Boost)  
  16  0:45  Probe (Chrono Boost)  
  16  0:46  Assimilator  
  17  0:52  Probe  
  17  0:55  Assimilator  
  19  1:04  Probe (Chrono Boost)  
  19  1:07  Gateway  
  19  1:16  Probe (Chrono Boost)  
  20  1:21  Probe (Chrono Boost)  
  20  1:25  Cybernetics Core  
  21  1:31  Probe  
  22  1:35  Pylon  
  22  1:48  Probe  
  23  2:00  Probe  
  24  2:02  Stalker x2  
  24  2:05  Warp Gate  
  28  2:14  Pylon  
  28  2:15  Probe  
  29  2:26  Stargate  
  29  2:35  Probe  
  30  2:42  Stalker  
  32  2:44  Stalker  
  34  2:54  Pylon  
  34  3:08  Oracle (Chrono Boost)  
  37  3:14  Shield Battery  
  37  3:16  Pylon  
  36  3:35  Nexus  
  34  3:42  Probe  
  34  3:43  Oracle (Chrono Boost)  
  38  3:58  Adept  
  38  3:59  Adept  
  38  4:01  Probe  
  43  4:19  Adept x2  
  46  4:28  Probe  
  42  4:40  Probe  
  41  4:48  Probe  
  41  4:52  Probe  
  43  4:57  Twilight Council  
  43  5:01  Probe  
  43  5:04  Probe  
  45  5:13  Probe  
  44  5:16  Probe (Chrono Boost)  
  44  5:18  Stalker  
  44  5:19  Stalker  
  49  5:26  Probe (Chrono Boost)  
  51  5:28  Probe (Chrono Boost)  
  52  5:36  Probe (Chrono Boost)  
  52  5:37  Probe (Chrono Boost)  
  52  5:40  Probe (Chrono Boost)  
  54  5:43  Probe  
  54  5:44  Blink (Chrono Boost)  
  51  5:52  Probe  
  51  5:55  Stalker, Probe, Gateway  
  55  6:01  Pylon  
  55  6:04  Probe  
  55  6:07  Probe  
  55  6:08  Assimilator  
  57  6:15  Gateway x2  
  57  6:16  Probe  
  58  6:25  Stalker x2  
  62  6:27  Pylon  
  62  6:32  Pylon  
  62  6:34  Pylon  
  59  6:55  Stalker x3  
  59  7:00  Probe  
  66  7:13  Stalker x2  
  67  7:16  Gateway  
  67  7:17  Stalker  
  67  7:18  Stalker x2  
  73  7:39  Stalker x2  
  73  7:41  Stalker x3  
  83  7:45  Pylon  
  83  8:07  Stalker x3  
  83  8:08  Stalker x2  
  75  8:29  Stalker  
  75  8:31  Stalker x3  
  75  8:32  Zealot x2  
  87  8:36  Probe x2  
  87  8:38  Assimilator  
  81  8:48  Probe  
  81  8:52  Stalker x3  
  81  8:54  Stalker  
  71  8:59  Stalker  
Tags
 
Add a new tag
Caveats
  • Supply blocks, unpowered buildings, or Contaminate may cause inaccurate times.
  • Supply counts are checked every 10 seconds.